 Dungeon Crawl Stone Soup version 0.22.1-2-g9c5b331383 (webtiles) character file.

200 DobroLive the Skirmisher (level 5, -1/52 HPs)
             Began as a Hill Orc Hunter on Dec 15, 2018.
             Slain by Ijyb (3 damage)
             ... on level 4 of the Dungeon.
             The game lasted 01:00:16 (2575 turns).

DobroLive the Skirmisher (Hill Orc Hunter)          Turns: 2575, Time: 01:00:17

Health: -1/52      AC:  9    Str: 15    XL:     5   Next: 78%
Magic:  5/5        EV: 11    Int: 11    God:
Gold:   172        SH:  0    Dex: 12    Spells: 4/4 levels left

rFire    . . .     SeeInvis .   d - +4 quarterstaff (chaos)
rCold    . . .     Gourm    .   (shield currently unavailable)
rNeg     . . .     Faith    .   b - +0 leather armour
rPois    .         Spirit   .   (no helmet)
rElec    .         Reflect  .   o - +1 cloak
rCorr    .         Harm     .   p - +2 pair of gloves
MR       .....                  n - +0 pair of boots
Stlth    +.........             (no amulet)
HPRegen  0.17/turn              (no ring)
MPRegen  0.09/turn              (no ring)

@: hasted, very quick
A: no striking features
a: no special abilities


You were on level 4 of the Dungeon.
You were hungry.

You visited 1 branch of the dungeon, and saw 4 of its levels.

You collected 172 gold pieces.

Inventory:

Hand Weapons
 d - a +4 quarterstaff of chaos (weapon)
Missiles
 c - 6 javelins (quivered)
 j - 3 tomahawks
 m - 28 bolts
Armour
 b - a +0 leather armour (worn)
 n - a +0 pair of boots (worn)
 o - a +1 cloak (worn)
 p - a +2 pair of gloves (worn)
Scrolls
 e - 2 scrolls of fog
Potions
 g - 2 potions of degeneration {unknown}
 h - 2 potions of mutation
 k - a potion of haste
 t - a potion of flight {unknown}
 v - a potion of lignification {unknown}
Comestibles
 f - 6 rations


   Skills:
 + Level 7.0 Fighting
 - Level 3.6 Throwing
 - Level 1.5 Dodging
 - Level 0.7 Stealth


You had 4 spell levels left.
You didn't know any spells.
Your spell library was empty.

Dungeon Overview and Level Annotations

Branches:
Dungeon (4/15)
 Temple: D:4-7

Altars:

Annotations:
D:4 Ijyb


Message History

The iguana bites you but does no damage.
Ijyb screams, "Me kill you!" Ijyb barely misses you.
You hit Ijyb.
Ijyb is poisoned.
Ijyb is moderately wounded.
You are feeling hungry.
The gnoll hits you from afar with a spear!
The iguana bites you!
* * * LOW HITPOINT WARNING * * *
Ijyb closely misses you.
You closely miss the iguana.
The gnoll hits you from afar with a spear!
* * * LOW HITPOINT WARNING * * *
The iguana barely misses you.
Ijyb grins evilly.
Ijyb misses you.
You hit the iguana but do no damage. The gnoll closely misses you.
The iguana bites you but does no damage.
Ijyb hits you.
You die...

##....##......#
.....g......†.#
..#...........###
..$.............#*******
.######.........#*,,,,,*
,* ###.........#*,***,*
<* #.....###.....,* *,*
,* #?....###.########,*
,** #.....o..ggg@l...#,*
,,* #.....###.#####.##,*
,,* #.....+,#...,,*,**,*
,,**#.....#,###g..*,**,*
,,,,+...>.#,*,,...#,**,*
****#.....#,*,*,.##,**,*
*** #.....#,*,*,.#*,**,*
<,**####o##,*,*,,.,,,*,*
,,,,,,,,,*,,,,*,***,,,,*


You could see Ijyb, an iguana, 2 gnolls and an orc.

Vanquished Creatures
  A howler monkey (D:2)
  Crazy Yiuf (D:3)
  A worker ant (D:3)
  2 adders
  3 oozes
  2 worms
  3 leopard geckos
  4 giant cockroaches
  12 goblins
  9 hobgoblins
  2 jackals (D:1)
  2 quokkas (D:3)
  10 bats
  4 frilled lizards
  3 kobolds
  7 rats
66 creatures vanquished.

Notes
Turn   | Place    | Note
-------+----------+-------------------------------------------
     0 | D:1      | DobroLive the Hill Orc Hunter began the quest for the Orb.
     0 | D:1      | Reached XP level 1. HP: 18/18 MP: 1/1
     6 | D:1      | Noticed a redback
     6 | D:1      | Noticed a black mamba
     6 | D:1      | Noticed a black bear
     6 | D:1      | Noticed a rime drake
    52 | D:1      | Reached skill level 3 in Fighting
    98 | D:1      | Reached XP level 2. HP: 26/26 MP: 2/2
   353 | D:1      | Reached skill level 4 in Fighting
   443 | D:1      | Reached XP level 3. HP: 33/33 MP: 3/3
  1290 | D:2      | Reached skill level 5 in Fighting
  1298 | D:2      | Reached XP level 4. HP: 41/44 MP: 4/4
  1797 | D:3      | Reached skill level 6 in Fighting
  1886 | D:3      | Reached XP level 5. HP: 47/50 MP: 5/5
  1888 | D:3      | Found a faded altar of an unknown god.
  2197 | D:3      | Found a runed door.
  2475 | D:3      | Noticed Crazy Yiuf
  2480 | D:3      | Killed Crazy Yiuf
  2543 | D:4      | Reached skill level 7 in Fighting
  2552 | D:4      | Noticed Ijyb
  2574 | D:4      | HP: 2/52 [gnoll/spear (8)]
  2575 | D:4      | Slain by Ijyb

Skill      XL: |  1  2  3  4  5 |
---------------+----------------+-----
Fighting       | 3 4 5 6 7 |  7.0
Throwing       | |  3.6
Dodging        | |  1.5
Stealth        | |  0.7

Action                   |  1- 3 |  4- 6 || total
-------------------------+-------+-------++-------
Melee: Short sword       |   108 |    77 ||   185
       Quarterstaff      |       |    10 ||    10
Throw: Tomahawk          |    24 |     5 ||    29
       Javelin           |    25 |    17 ||    42
       Throwing net      |     1 |     2 ||     3
  Use: Scroll            |       |     8 ||     8
       Potion            |       |     2 ||     2
 Stab: Sleeping          |     2 |     1 ||     3
       Held in net/web   |       |     1 ||     1
  Eat: Chunk             |     1 |     4 ||     5
Armor: Leather armour    |    40 |    48 ||    88
Dodge: Dodged            |    89 |    66 ||   155
